 Dungeon Crawl Stone Soup version 0.30.0-5-g1a98f26d00 (webtiles) character file.

Game seed: 5837983276808297889

1662 jimonade the Cudgeller (level 8, -4/63 HPs)
             Began as a Mummy Monk on May 9, 2023.
             Slain by a wight
             ... wielding a +2 scimitar of protection
              (7 damage)
             ... on level 6 of the Dungeon.
             The game lasted 00:23:04 (8640 turns).

jimonade the Cudgeller (Mummy Monk)                 Turns: 8640, Time: 00:23:04

Health: -4/63      AC: 12    Str: 14    XL:     8   Next: 69%
Magic:  17/17      EV:  8    Int: 11    God:
Gold:   344        SH:  0    Dex: 15    Spells: 7/7 levels left

rFire   x . .        a - +0 whip
rCold   + . .        c - orb {light}
rNeg    + + +        G - +0 chain mail
rPois   ∞            (no helmet)
rElec   .            f - +0 cloak
rCorr   .            k - +0 pair of gloves
SInv    .            (no boots)
Will    +++..        y - amulet of Syxe {Faith MP+9} Stlth
                     e - ring of willpower
HPRegen 0.30/turn    x - ring of willpower
MPRegen 0.15/turn

%: faith
@: glowing
A: cold resistance 1, negative energy resistance 3, torment resistance 2, heat
vulnerability 1, in touch with death 1, no potions, faith
a: no special abilities


You were on level 6 of the Dungeon.
You visited 1 branch of the dungeon, and saw 7 of its levels.

You collected 374 gold pieces.
You spent 30 gold pieces at shops.

Inventory:

Hand Weapons
 a - a +0 whip (weapon)
 g - a +1 dagger of flaming
 q - a +2 dagger of speed
 u - a +0 flail
 v - a +0 mace
 B - a +0 sling
Missiles
 l - 3 javelins
 w - 77 stones
 C - a curare-tipped dart
 D - 7 poisoned darts (quivered)
Armour
 b - a +0 robe
 c - an orb of light (worn)
 f - a +0 cloak (worn)
 k - a +0 pair of gloves (worn)
 m - a +0 plate armour
 G - a +0 chain mail (worn)
Jewellery
 e - a ring of willpower (left hand)
 r - an amulet of guardian spirit
 x - a ring of willpower (right hand)
 y - the amulet of Syxe (around neck) {Faith MP+9}
   (You found it on level 4 of the Dungeon)

   [amulet of faith]

   It allows you to gain divine favour quickly.
   MP:        It affects your magic capacity (+9).
 A - a ring of fire
Wands
 t - a wand of flame (14)
Scrolls
 d - a scroll of immolation
 h - 3 scrolls of magic mapping
 i - 3 scrolls of teleportation
 j - 2 scrolls of torment
 n - 2 scrolls of fog
 o - 4 scrolls of noise
 p - 2 scrolls of vulnerability
 s - a scroll of amnesia
 z - a scroll of blinking {unknown}
 E - a scroll of fear


   Skills:
 + Level 5.5 Fighting
 + Level 6.8 Maces & Flails
 + Level 0.7 Throwing
 + Level 4.7 Armour
 + Level 3.1 Dodging
 + Level 0.8 Evocations


You had 7 spell levels left.
You didn't know any spells.
Your spell library contained the following spells:

 Spells                   Type           Power      Damage    Failure   Level
 Summon Small Mammal      Summ           0%         N/A       99%         1
 Blink                    Tloc           0%         N/A       100%        2
 Scorch                   Fire           0%         2d5       100%        2
 Call Canine Familiar     Summ           0%         N/A       100%        3
 Hailstorm                Conj/Ice       0%         3d3       100%        3
 Inner Flame              Hex/Fire       0%         N/A       100%        3
 Summon Guardian Golem    Hex/Summ       0%         N/A       100%        3
 Flame Wave               Conj/Fire      0%         2d4       100%        4
 Manifold Assault         Tloc           0%         N/A       100%        4
 Sticky Flame             Conj/Fire      0%         2d3       100%        4
 Simulacrum               Ice/Necr       0%         N/A       100%        6
 Ignition                 Fire           0%         3d3       100%        8
 Ice Form                 Ice/Tmut       Unusable   N/A       N/A         4

Dungeon Overview and Level Annotations

Branches:
Dungeon (7/15)             Temple (0/1) D:7

Altars:
Kikubaaqudgha
Makhleb
Okawaru
Qazlal

Shops:
D:3 ?[   D:6 [

Annotations:
D:4 exclusion: 2 downstairs


Innate Abilities, Weirdness & Mutations

You are immune to poison.
Your flesh is cold resistant. (rC+)
You are immune to negative energy. (rN+++)
You are immune to unholy pain and torment.
You are vulnerable to heat. (rF-)
You are in touch with the powers of death.
You do not drink.
You have a special connection with the divine. (Faith)


Message History

You barely miss the wight.
The wight is heavily damaged.
The wight closely misses you.
Press: ? - help, v - describe, . - travel
Here: a wight, wielding a +2 scimitar of protection and wearing a +0 robe (heavily damaged, haloed)
The floor.
Unknown command.
Unknown command.
You barely miss the wight.
The wight is heavily damaged.
The wight hits you but does no damage.
You barely miss the wight.
The wight is heavily damaged.
You hit the wight but do no damage.
The wight is heavily damaged.
The wight hits you but does no damage.
You hit the wight but do no damage.
The wight is heavily damaged.
The wight hits you with a +2 scimitar of protection.
You hit the wight but do no damage.
The wight is heavily damaged.
The wight hits you but does no damage.
You hit the wight but do no damage.
The wight is heavily damaged.
You barely miss the wight.
The wight is heavily damaged.
The wight hits you with a +2 scimitar of protection!
* * * LOW HITPOINT WARNING * * *
You hit the wight but do no damage.
The wight is heavily damaged.
The wight hits you with a +2 scimitar of protection!
* * * LOW HITPOINT WARNING * * *
You barely miss the wight.
The wight is heavily damaged.
The wight hits you with a +2 scimitar of protection.
* * * LOW HITPOINT WARNING * * *
You barely miss the wight.
The wight is heavily damaged.
The wight hits you with a +2 scimitar of protection!
You die...

##...#...#.##
*#############...###.....###
#........#.................#
#........#.....#.).).#.....#
#........#....##.._..##....#
#........#.....#.).).#..#### **
#........#.##.............####.
#........#.###z..###...##....'.
#.....>.......@...#........###.
#......).......#.....###...# **
#...........##.#.##.#####..###.
######.......................'.
#......##.#.##........###.
#.#######.#.########...##.
*******#.# #.#.# #......
,,,,,,,#.# #.#.#** #####.###
******,#.# #.#.#<* #...#.#


You could see a wight.

Vanquished Creatures
  A slime creature (D:4)
  An ice beast (D:6)
  A black bear (D:6)
  A centaur (D:6)
  3 ogres (D:6)
  2 bullfrogs
  2 kobold brigands (D:5)
  A wight (D:6)
  A hound (D:6)
  4 jellies
  An orc priest (D:3)
  3 iguanas
  2 orc wizards (D:3)
  A sleepcap (D:5)
  Natasha (thrice) (D:4)
  3 gnolls (D:6)
  6 adders
  A shadow imp (D:4)
  3 white imps (D:4)
  4 ufetubi
  2 worms
  2 dart slugs
  9 orcs
  11 endoplasms
  6 giant cockroaches
  11 hobgoblins
  3 quokkas
  6 ball pythons
  5 bats
  2 frilled lizards
  7 goblins
  14 kobolds
  7 rats
129 creatures vanquished.

Notes
Turn   | Place    | Note
-------+----------+-------------------------------------------
     0 | D:1      | jimonade the Mummy Monk began the quest for the Orb.
     0 | D:1      | Reached XP level 1. HP: 18/18 MP: 1/1
   118 | D:1      | Reached XP level 2. HP: 17/24 MP: 2/2
   548 | D:1      | Gained mutation: You are in touch with the powers of death.
                  | [Mummy growth]
   548 | D:1      | Reached XP level 3. HP: 22/29 MP: 3/3
   549 | D:1      | Reached skill level 3 in Maces & Flails
   649 | D:1      | Found a faded altar of an unknown god.
  1588 | D:3      | Reached XP level 4. HP: 33/35 MP: 4/4
  1595 | D:3      | Found The Oracle's Delphic Readings.
  1599 | D:3      | Bought a scroll of teleportation for 30 gold pieces
  1705 | D:3      | Got Berett's Dissertation on the Burn and Wanderlust
  1719 | D:3      | Found Ehisoapt's Antique Armour Boutique.
  2203 | D:3      | Found a burning altar of Makhleb.
  2253 | D:3      | Reached skill level 4 in Maces & Flails
  2253 | D:3      | Reached skill level 1 in Armour
  2253 | D:3      | Reached XP level 5. HP: 21/42 MP: 3/5
  2780 | D:4      | Found an ancient bone altar of Kikubaaqudgha.
  3076 | D:4      | Reached XP level 6. HP: 40/48 MP: 4/6
  3081 | D:4      | Identified the amulet of Syxe {Faith MP+9}
  3420 | D:4      | Noticed Natasha
  3427 | D:4      | Killed Natasha
  3467 | D:4      | Noticed Natasha
  3489 | D:4      | Killed Natasha
  3704 | D:4      | Noticed Natasha
  3723 | D:4      | Killed Natasha
  4210 | D:5      | Entered Level 5 of the Dungeon
  4349 | D:5      | Reached skill level 5 in Maces & Flails
  4958 | D:5      | Reached XP level 7. HP: 39/54 MP: 7/7
  5078 | D:5      | Noticed a slime creature
  5127 | D:4      | Killed a slime creature
  5455 | D:5      | Noticed a slime creature
  5457 | D:5      | Noticed a slime creature
  5743 | D:6      | Found Unkiff's Antique Armour Emporium.
  6066 | D:6      | Found a stormy altar of Qazlal.
  6163 | D:6      | Reached XP level 8. HP: 61/61 MP: 8/8
  6376 | D:6      | Reached skill level 6 in Maces & Flails
  6393 | D:6      | Found an iron altar of Okawaru.
  6554 | D:6      | Reached skill level 5 in Fighting
  7705 | D:7      | Found a staircase to the Ecumenical Temple.
  8264 | D:6      | Found an iron altar of Okawaru.
  8390 | D:6      | Found a stormy altar of Qazlal.
  8413 | D:6      | Found Unkiff's Antique Armour Emporium.
  8639 | D:6      | HP: 3/63 [wight/+2 scimitar of protection (5)]
  8640 | D:6      | Slain by a wight

Illustrated notes

Levels and vault maps discovered:
D:1:      erik_arrival_triangle_medium, layout_rooms,
          shapermc_ecumenical_altar_gd, minmay_hexomino_p4
D:2:      layout_basic, minmay_randomly_rotated_circles
D:3:      layout_loops_ring, mainiacjoe_overflow_catwalk, serial_shops, shop,
          nicolae_nh_oracle_at_delphi
D:4:      layout_gridville, mainiacjoe_overflow_small_starburst, serial_demonic,
          serial_demonic_c, serial_demonic_a, serial_demonic_f,
          serial_demonic_b, uniq_natasha
D:5:      cheibrodos_fertilizer, layout_cave_pools, mainiacjoe_overflow_alcove_4
D:6:      layout_basic, okawaru_ov_weapons_minmay, general_overflow_altar,
          serial_shops, nicolae_shop_tiny_real_fake_doors,
          chequers_serial_rivers_micro_d, minmay_crystal_room
D:7:      layout_basic, nicolae_overflow_crystal_walls,
          minmay_temple_entry_glass, uniq_duvessa

Skill      XL: |  1  2  3  4  5  6  7  8 |
---------------+-------------------------+-----
Maces & Flails | 3 4 5 6 |  6.8
Armour         | 1 2 3 4 |  4.7
Fighting       | 4 5 |  5.5
Dodging        | 3 |  3.1
Throwing       | |  0.7
Evocations     | |  0.8

Action                     |  1- 3 |  4- 6 |  7- 9 || total
---------------------------+-------+-------+-------++-------
  Melee: Mace              |   131 |   111 |       ||   242
         Whip              |       |   253 |   274 ||   527
  Throw: Dart              |       |       |     8 ||     8
  Evoke: Wand              |       |       |    11 ||    11
    Use: Scroll            |       |     5 |     4 ||     9
 Armour: Robe              |    31 |       |       ||    31
         Plate armour      |    38 |   194 |    62 ||   294
         Chain mail        |       |       |    80 ||    80
  Dodge: Dodged            |    79 |    81 |    80 ||   240
